AoeStats
← Comend x comend

Nomad

509708741Analyzed
4v4 RM · 3d ago on Sep 27, 2026· 39m 8s· 8 players
Game mode
Random Map
Map size
231×231
Population
200
Speed
Normal
Resources
Standard
Victory
Conquest
Starting age
Dark Age
Ending age
Imperial Age
RankedLock teamsTeams togetherTeam positionsShared explorationLock speedFull tech treeHidden civsTurbo modeCheats
Victory
Defeat
🇬🇧 Wu · United Kingdom
1523
+10
🇨🇳 Mongols · China
1514
+10
🇧🇪 Japanese · Belgium
1445
+13
🇵🇪 Goths · Peru
1364
+16
🇲🇽 Mongols · Mexico
1534
-18
🇨🇱 Spanish · Chile
1411
-14
🇦🇷 Burgundians · Argentina
1291
-9
🇲🇽 Armenians · Mexico
1273
-8
Whop
5:17 Loom
12:43 Feudal Age
13:18 Fishing Lines
13:32 Double-Bit Axe
16:33 Wheelbarrow
17:18 Gold Mining
19:47 Castle Age
18:05 Fletching
22:44 Hand Cart
22:15 Town Watch
22:40 Bodkin Arrow
24:11 Medium Warships
24:23 Medium Warships
24:52 Padded Archer Armor
27:42 Leather Archer Armor
27:36 Scale Barding Armor
27:48 Thumb Ring
30:42 Bow Saw
31:34 Ballistics
33:33 Scale Mail Armor
35:42 Yasama
36:00 Horse Collar
37:04 Gold Shaft Mining
40:11 Imperial Age
38:19 Pikeman
39:03 Squires
39:40 Forging
39:50 Chain Mail Armor
Calders
6:20 Loom
12:55 Feudal Age
13:32 Double-Bit Axe
19:09 Horse Collar
23:56 Castle Age
26:28 Bow Saw
26:20 Heavy Plow
26:52 Fletching
28:56 Bodkin Arrow
30:07 Fishing Lines
30:55 Red Cliffs Tactics
30:55 Gold Mining
32:08 Red Cliffs Tactics
35:49 Padded Archer Armor
38:03 Wheelbarrow
37:13 Town Watch
38:07 Ballistics
39:06 Gold Shaft Mining
38:22 Stone Mining
41:18 Imperial Age
Comend x comend
5:18 Loom
12:52 Feudal Age
17:15 Castle Age
15:17 Man-at-Arms
16:14 Double-Bit Axe
16:40 Horse Collar
18:40 Bow Saw
23:08 Wheelbarrow
24:18 Heavy Plow
26:22 Hand Cart
30:00 Imperial Age
27:30 Town Watch
28:32 Anarchy
29:05 Scale Barding Armor
29:11 Forging
29:06 Scale Mail Armor
29:15 Gold Mining
29:39 Squires
31:09 Perfusion
30:31 Capped Ram
30:36 Pikeman
31:40 Scale Barding Armor
32:10 Iron Casting
31:51 Chain Mail Armor
33:29 Elite Huskarl
34:41 Crop Rotation
38:11 Blast Furnace
37:06 Long Swordsman
38:18 Halberdier
第一滴血
12:12 Feudal Age
13:53 Loom
16:44 Castle Age
16:08 Double-Bit Axe
16:18 Fishing Lines
19:39 Fletching
25:21 Bodkin Arrow
30:50 Gold Mining
30:50 Stone Mining
31:11 Bow Saw
34:32 Imperial Age
34:05 Padded Archer Armor
35:18 Ballistics
36:18 Chemistry
35:40 Bracer
36:47 Conscription
37:24 Wheelbarrow
36:44 Horse Collar
38:52 Bloodlines
38:44 Husbandry
38:51 Thumb Ring
39:48 Leather Archer Armor
40:00 Parthian Tactics
Twitch.tv/WES_XL
3:39 Loom
13:42 Feudal Age
15:41 Double-Bit Axe
16:18 Fletching
22:20 Castle Age
20:43 Gold Mining
23:26 Horse Collar
23:58 Bow Saw
26:18 Heavy Plow
26:13 Stone Mining
28:01 Wheelbarrow
27:27 Town Watch
29:08 Scale Mail Armor
30:24 Chain Mail Armor
30:06 Man-at-Arms
30:32 Gambesons
30:49 Squires
30:34 Arson
32:11 Gold Shaft Mining
31:06 Long Swordsman
32:47 Bodkin Arrow
33:06 Padded Archer Armor
33:20 Forging
36:34 Imperial Age
35:33 Iron Casting
34:55 Two-Handed Swordsman
35:54 Champion
38:17 Blast Furnace
37:46 Conscription
37:43 Fereters
Vmmp11
5:20 Loom
12:26 Feudal Age
14:19 Wheelbarrow
16:53 Castle Age
18:13 Fletching
18:08 Horse Collar
18:35 Town Watch
19:37 Bodkin Arrow
19:30 Double-Bit Axe
21:31 Bow Saw
40:14 Imperial Age
MaximoMGM
5:50 Loom
14:40 Feudal Age
20:03 Castle Age
20:00 Fletching
21:09 Bodkin Arrow
NT | MCLovin1986
3:40 Loom
12:53 Feudal Age
14:32 Double-Bit Axe
18:17 Castle Age
16:34 Bow Saw
17:46 Fishing Lines
20:27 Two-Man Saw
20:27 Wheelbarrow
19:39 Horse Collar
20:33 Heavy Plow
22:32 Town Watch
23:05 Scale Barding Armor
26:21 Forging
26:16 Cavalier
28:00 Chain Barding Armor
29:50 Crop Rotation
29:24 Husbandry
30:01 Iron Casting
34:04 Hand Cart
36:45 Imperial Age
38:05 Plate Barding Armor
38:31 Blast Furnace
37:01 Paladin
37:47 Light Cavalry
Connection lost

Rejoining the realm…

Still unreachable

The connection could not be restored.

Session expired

The server has moved on; the page needs a fresh start.